 Dungeon Crawl Stone Soup version 0.29-a0-1047-g7c58e119a4 (webtiles) character file.

Game seed: 9870667181257597893

405 siradein the Trooper (level 6, -2/57 HPs)
             Began as a Ghoul Monk on Aug 16, 2022.
             Slain by Grinder (8 damage)
             ... on level 4 of the Dungeon.
             The game lasted 00:05:27 (3122 turns).

siradein the Trooper (Ghoul Monk)                   Turns: 3122, Time: 00:05:28

Health: -2/57      AC:  6    Str: 17    XL:     6   Next: 87%
Magic:  5/5        EV: 11    Int:  5    God:
Gold:   301        SH:  0    Dex: 11    Spells: 5/5 levels left

rFire   . . .      SeeInvis .     - Unarmed
rCold   + . .      Faith    .   (no shield)
rNeg    + + +      Spirit   .   n - +1 ring mail
rPois   ∞          Reflect  .   (no helmet)
rElec   .          Harm     .   (no cloak)
rCorr   .          Rampage  .   (no gloves)
Will    .....                   (no boots)
Stlth   +.........              (no amulet)
HPRegen 0.00/turn               (no ring)
MPRegen 0.09/turn               (no ring)

@: inhibited regen
A: claws 1, cold resistance 1, negative energy resistance 3, inhibited
regeneration, torment resistance 2, devour on kill
a: no special abilities


You were on level 4 of the Dungeon.
You visited 1 branch of the dungeon, and saw 4 of its levels.

You collected 301 gold pieces.

Inventory:

Armour
 n - a +1 ring mail (worn)
Scrolls
 a - a scroll of amnesia
 b - 2 scrolls of magic mapping {unknown}
 d - a scroll of teleportation {unknown}
 f - a scroll of enchant armour
 h - a scroll of butterflies {unknown}
 i - a scroll of vulnerability {unknown}
 j - a scroll of summoning {unknown}
 k - 2 scrolls of immolation {unknown}
 m - a scroll of torment {unknown}
 o - a scroll of noise {unknown}
Potions
 c - a potion of might {unknown}
 e - 2 potions of curing
 g - a potion of mutation {unknown}
 l - a potion of flight {unknown}


   Skills:
 + Level 6.2 Fighting
 - Level 2.6 Dodging
 - Level 2.1 Stealth
 + Level 6.2 Unarmed Combat


You had 5 spell levels left.
You didn't know any spells.
Your spell library contained the following spells:

 Spells                   Type           Power      Damage    Failure   Level
 Confusing Touch          Hex            0%         N/A       96%         3
 Gell's Gravitas          Tloc           0%         N/A       96%         3
 Teleport Other           Tloc           0%         N/A       96%         3
 Yara's Violent Unravell  Hex/Tmut       0%         3d3       100%        5
 Dispersal                Tloc           0%         N/A       100%        6
 Enfeeble                 Hex            0%         N/A       100%        7


Dungeon Overview and Level Annotations

Branches:
Dungeon (4/15)
 Temple: D:4-7

Altars:
Fedhas
Sif Muna
Trog

Portals:
Abyss: D:4

Annotations:
D:4 1 transporter, Grinder; qdestroyer's ghost, amateur MiFi


Innate Abilities, Weirdness & Mutations

You are immune to poison.
You have sharp fingernails.
Your flesh is cold resistant. (rC+)
You are immune to negative energy. (rN+++)
You do not regenerate when monsters are visible.
You are immune to unholy pain and torment.
You thrive by killing the living.


Message History

Grinder hits you.
You can move again.
Unknown command.
You are too injured to fight recklessly!
You are too injured to fight recklessly!
Unknown command.
You completely miss Grinder.
Grinder is lightly wounded.
Grinder blinks!
Grinder says, "Wait up."
You claw Grinder!
Grinder is moderately wounded.
Grinder hits you but does no damage.
You scratch Grinder but do no damage.
Grinder is moderately wounded.
Grinder gestures at you.
You suddenly lose the ability to move!
Grinder hits you!
* * * LOW HITPOINT WARNING * * *
Grinder hits you.
* * * LOW HITPOINT WARNING * * *
Grinder hits you!
* * * LOW HITPOINT WARNING * * *
You can move again.
Unknown command.
Unknown command.
Unknown command.
You claw Grinder!
Grinder is heavily wounded.
Grinder closely misses you.
You closely miss Grinder.
Grinder is heavily wounded.
Grinder closely misses you.
You barely miss Grinder.
Grinder is heavily wounded.
Grinder misses you.
You claw Grinder!
Grinder is severely wounded.
Grinder hits you!
You die...

...##########
........@5..#
...########.## # #..# ..
##.# #..##########.##
#...........#..##...
#.................#
#................>...[.#
#..##....#.###..#...#..#


You could see Grinder.

Vanquished Creatures
  Sigmund (D:2)
  A necrophage (D:4)
  Jessica (D:3)
  3 gnolls (D:3)
  4 adders
  A worm (D:4)
  3 dart slugs
  3 orcs (D:3)
  5 ball pythons
  4 endoplasms
  A giant cockroach (D:4)
  5 goblins
  9 hobgoblins
  6 jackals
  6 kobolds
  6 quokkas
  6 bats
  5 frilled lizards
  3 rats
73 creatures vanquished.

Notes
Turn   | Place    | Note
-------+----------+-------------------------------------------
     0 | D:1      | siradein the Ghoul Monk began the quest for the Orb.
     0 | D:1      | Reached XP level 1. HP: 19/19 MP: 0/0
    91 | D:1      | Reached XP level 2. HP: 26/26 MP: 1/1
   483 | D:1      | Reached XP level 3. HP: 8/33 MP: 2/2
   797 | D:1      | Found a faded altar of an unknown god.
  1098 | D:2      | Reached XP level 4. HP: 41/41 MP: 3/3
  1486 | D:2      | Noticed Sigmund
  1528 | D:2      | HP: 1/41 [something (10)]
  1530 | D:2      | Killed Sigmund
  1531 | D:2      | Reached skill level 5 in Fighting
  1531 | D:2      | Reached skill level 5 in Unarmed Combat
  1531 | D:2      | Reached XP level 5. HP: 1/49 MP: 4/4
  1531 | D:2      | Reached XP level 6. HP: 2/56 MP: 5/5
  2574 | D:3      | Noticed Jessica
  2586 | D:3      | Killed Jessica
  2809 | D:3      | Found a blossoming altar of Fedhas.
  2809 | D:3      | Found a bloodstained altar of Trog.
  2809 | D:3      | Found a shimmering blue altar of Sif Muna.
  2976 | D:4      | Found a transporter.
  2982 | D:4      | Found a one-way gate to the infinite horrors of the Abyss.
  2982 | D:4      | Noticed qdestroyer's ghost (amateur MiFi)
  3074 | D:4      | Noticed Grinder
  3096 | D:4      | Paralysed by Grinder for 5 turns
  3115 | D:4      | Paralysed by Grinder for 3 turns
  3122 | D:4      | Slain by Grinder

Illustrated notes

Levels and vault maps discovered:
D:1:      saegor_arrival_simple_e, layout_rooms,
          shapermc_ecumenical_altar_totnotflames
D:2:      layout_basic, uniq_sigmund
D:3:      layout_rooms, gammafunk_temple_overflow_claw, kennysheep_small_spiral,
          uniq_jessica
D:4:      layout_basic, gammafunk_ghost_abyssal_escape, nrook_uturn,
          minmay_misc_feat_cross, chequers_serial_rivers_micro_d, st_stairs_9,
          uniq_grinder

Skill      XL: |  1  2  3  4  5  6 |
---------------+-------------------+-----
Fighting       | 4 5 6 |  6.2
Unarmed Combat | 4 5 6 |  6.2
Dodging        | |  2.6
Stealth        | |  2.1

Action                   |  1- 3 |  4- 6 || total
-------------------------+-------+-------++-------
Melee: Unarmed           |    92 |   158 ||   250
       Punch             |     3 |     1 ||     4
  Use: Scroll            |       |     4 ||     4
       Potion            |       |     1 ||     1
 Stab: Sleeping          |     2 |       ||     2
Armor: Robe              |     6 |       ||     6
       Leather armour    |    14 |     5 ||    19
       Ring mail         |       |    32 ||    32
Dodge: Dodged            |    51 |    84 ||   135

Table legend: (Time is in decaauts)
 A = Elapsed time spent in this place.
 B = Non-inter-level travel time spent in this place.
 C = Inter-level travel time spent in this place.
 D = Time resting spent in this place.
 E = Time spent auto-exploring this place.
 F = Levels seen in this place.
 G = Mean time per level.
                   A        B        C        D        E       F      G
               +--------+--------+--------+--------+--------+-----+--------+
         Total |   3103 |   2965 |    138 |      0 |   2391 |   4 |  775.8 |
       Dungeon |   3103 |   2965 |    138 |      0 |   2391 |   4 |  775.8 |
               +--------+--------+--------+--------+--------+-----+--------+

Top non-repeatable levels by time:
     D:2: 1058 daAuts
     D:1: 981 daAuts
     D:3: 871 daAuts
     D:4: 191 daAuts
